 Dungeon Crawl Stone Soup version 0.29.1-15-g9cfb28693d (webtiles) character file.

Game seed: 327210558416746315

4 H0rd4k the Charlatan (level 1, -1/13 HPs)
             Began as an Octopode Artificer on Apr 3, 2023.
             Succumbed to a kobold's poison
             ... on level 1 of the Dungeon.
             The game lasted 00:00:16 (140 turns).

H0rd4k the Charlatan (Octopode Artificer)            Turns: 140, Time: 00:00:16

Health: -1/13      AC:  1    Str: 11    XL:     1   Next: 60%
Magic:  1/1        EV: 13    Int: 13    God:
Gold:   13         SH:  0    Dex: 12    Spells: 0/0 levels left

rFire   . . .      SeeInvis .   (no weapon)
rCold   . . .      Faith    .   (no shield)
rNeg    . . .      Spirit   .   (helmet restricted)
rPois   .          Reflect  .   (no amulet)
rElec   .          Harm     .   (no ring)
rCorr   .          Rampage  .   (no ring)
Will    .....                   (no ring)
Stlth   +++.......              (no ring)
HPRegen 0.04/turn               (no ring)
MPRegen 0.07/turn               (no ring)
                                (no ring)
                                (no ring)

@: lethally poisoned (-1 -> -22)
A: almost no armour, amphibious, 8 rings, camouflage 1, gelatinous body 1,
(nimble swimmer 1), tentacles
a: no special abilities


You were on level 1 of the Dungeon.
You visited 1 branch of the dungeon, and saw 1 of its levels.

You collected 13 gold pieces.

Inventory:

Wands
 b - a wand of flame (15) (quivered)
 c - a wand of charming (14)
 d - a wand of iceblast (5)


   Skills:
 * Level 1.4 Fighting
 - Level 2.3 Dodging
 - Level 1.3 Stealth
 * Level 0.3 Spellcasting
 - Level 3.2 Evocations


You couldn't memorise any spells.
You didn't know any spells.
Your spell library was empty.

Dungeon Overview and Level Annotations

Branches:
Dungeon (1/15)

Altars:


Innate Abilities, Weirdness & Mutations

You cannot wear most types of armour.
You are amphibious.
You can wear up to eight rings at the same time.
Your skin changes colour to match your surroundings (Stealth+).
Your rubbery body absorbs attacks. (AC +1, EV +1)
((You are camouflaged when in or above water. (Stealth+)))
You have tentacles for arms and can constrict up to eight enemies at once.


Message History

A bat is nearby!
The bat hits you but does no damage.
You miss the bat. You grab the bat. You constrict the bat.
The bat hits you but does no damage. The bat misses you.
The bat escapes!
The bat hits you but does no damage. The bat hits you.
A bat is nearby!
A bat is nearby!
A bat is nearby!
You closely miss the bat. You grab the bat.
The bat is moderately wounded.
You constrict the bat.
You kill the bat!
HP restored.
Found a hand axe.
You now have 13 gold pieces.
Found a stone staircase leading down.
No target in view!
No target in view!
You open the door.
There is an open door here.
A kobold comes into view.
It is wielding a +2 short sword of venom.
The kobold shouts!
A kobold is nearby!
You closely miss the kobold. You grab the kobold. You constrict the kobold.
A bat comes into view.
The kobold hits you with a +2 short sword of venom.
You are lethally poisoned!
You tentacle-slap the kobold but do no damage.
The kobold is moderately wounded.
You constrict the kobold.
You feel very sick. The bat barely misses you.
The kobold hits you with a +2 short sword of venom.
You are more poisoned.
Aiming: Charm
Press: ? - help, Shift-Dir - straight line, f - kobold
Aim: a kobold, wielding a +2 short sword of venom (heavily wounded, constricted by you, chance to affect: 73%)
The kobold is charmed.
You release your grip on your kobold.
You die...

..# #.#.# ..#
#.#.# ..# #.#.#
..######.#.#
.......#.#.#######
...........)....>#
...........#######
.......#.#.......#
.......#.#######@#
#......#.#...b..K#
#.#.####.#.#####.#
#.#.# #.# ...
#.#.# #.# ###
#.#.. ... #.#


You could see a bat and a friendly kobold (charmed).

Vanquished Creatures
  A giant cockroach (D:1)
  A hobgoblin (D:1)
  A bat (D:1)
  A frilled lizard (D:1)
4 creatures vanquished.

Notes
Turn   | Place    | Note
-------+----------+-------------------------------------------
     0 | D:1      | H0rd4k the Octopode Artificer began the quest for the Orb.
     0 | D:1      | Reached XP level 1. HP: 13/13 MP: 1/1
   140 | D:1      | Succumbed to a kobold's poison

Illustrated notes

Levels and vault maps discovered:
D:1:      amcnicky_arrival_feature_with_door, layout_basic

Action                   || total
-------------------------++-------
Melee: Unarmed           ||     9
       Constrict         ||     6
       Tentacles         ||     2
Evoke: Wand              ||     1
Armor: Skin              ||     4
Dodge: Dodged            ||     2
